 Dungeon Crawl Stone Soup version 0.24.0-2-g5b39cebb1c (webtiles) character file.

Game seed: 8641413932660121688, levelgen mode: deterministic

24626 MTVSty1e the Impaler (level 13, -7/98 HPs)
             Began as a Formicid Fighter on Oct 30, 2019.
             Was a High Priest of Okawaru.
             Killed from afar by a salamander mystic (33 damage)
             ... with a bolt of magma
             ... in a volcano.
             The game lasted 00:27:34 (21510 turns).

MTVSty1e the Impaler (Formicid Fighter)            Turns: 21510, Time: 00:27:35

Health: -7/98      AC: 20    Str: 26    XL:     13   Next: 44%
Magic:  16/18      EV:  8    Int:  8    God:    Okawaru [*****.]
Gold:   897        SH: 20    Dex: 10    Spells: 12/12 levels left

rFire    . . .     SeeInvis +   q - +0 lajatang
rCold    . . .     Gourm    .   M - +0 large shield
rNeg     . . .     Faith    .   F - +0 plate armour
rPois    .         Spirit   .   (helmet unavailable)
rElec    .         Reflect  +   B - +0 cloak
rCorr    .         Harm     .   x - +0 pair of gloves
MR       +....                  (no boots)
Stlth    ..........             A - +3 amulet of reflection
HPRegen  0.26/turn              d - +1 ring of evasion
MPRegen  0.16/turn              G - +1 ring of protection

@: heroism
A: permanent stasis, dig shafts and tunnels, four strong arms, antennae 3
a: Dig, Shaft Self, Heroism, Finesse, Renounce Religion


You were in a volcano.
You worshipped Okawaru.
Okawaru was extremely pleased with you.
You were not hungry.

You visited 3 branches of the dungeon, and saw 17 of its levels.
You also visited: Sewer and Volcano.

You collected 897 gold pieces.

Inventory:

Hand Weapons
 q - a +0 lajatang (weapon)
 C - a +2 spear of flaming
 I - a +1 bardiche of protection
Armour
 c - a +0 shield
 x - a +0 pair of gloves (worn)
 B - a +0 cloak (worn)
 F - a +0 plate armour (worn)
 M - a +0 large shield (worn)
Jewellery
 d - a +1 ring of evasion (left hand)
 h - an uncursed amulet of the acrobat
 k - an uncursed ring of wizardry
 p - a cursed -2 ring of intelligence {unknown}
 A - a +3 amulet of reflection (around neck)
 G - a +1 ring of protection (right hand)
Wands
 b - a wand of digging (5)
 s - a wand of iceblast (7)
 u - a wand of enslavement (8)
 v - a wand of paralysis (19)
 y - a wand of polymorph (8)
Scrolls
 e - 5 scrolls of remove curse
 i - 4 scrolls of enchant weapon
 j - 3 scrolls of identify
 o - 2 scrolls of fog
 w - 4 scrolls of amnesia
 L - a scroll of fear
 O - a scroll of enchant armour
Potions
 g - 6 potions of flight
 l - 6 potions of curing
 m - 2 potions of invisibility
 n - 2 potions of mutation
 r - 3 potions of brilliance
 t - a potion of ambrosia
 z - a potion of lignification
 E - 3 potions of agility
 J - a potion of cancellation
 K - a potion of resistance
Comestibles
 f - 21 rations


   Skills:
 - Level 8.0(13.0) Fighting
 * Level 17.5(22.5) Polearms
 - Level 8.0(13.0) Armour
 - Level 3.6(8.6) Shields
 - Level 7.8 Invocations


You had 12 spell levels left.
You didn't know any spells.
Your spell library contained the following spells:

 Spells                   Type           Power        Failure   Level  Hunger
 Animate Skeleton         Necr           N/A          100%        1    ##.....
 Apportation              Tloc           #.....       100%        1    ##.....
 Confusing Touch          Hex            #.....       100%        1    ##.....
 Magic Dart               Conj           #...         100%        1    ##.....
 Summon Small Mammal      Summ           #...         100%        1    ##.....
 Call Imp                 Summ           #.......     100%        2    ###....
 Slow                     Hex            #.......     100%        2    ###....
 Confuse                  Hex            #.......     100%        3    ####...
 Conjure Flame            Conj/Fire      #.......     100%        3    ####...
 Gell's Gravitas          Tloc           #.........   100%        3    ####...
 Mephitic Cloud           Conj/Pois/Air  #.......     100%        3    ####...
 Cause Fear               Hex            #.........   100%        4    #####..
 Leda's Liquefaction      Hex/Erth       #.........   100%        4    #####..
 Petrify                  Tmut/Erth      #.......     100%        4    #####..
 Bolt of Magma            Conj/Fire/Erth #.........   100%        5    ######.
 Metabolic Englaciation   Hex/Ice        #.........   100%        5    ######.
 Silence                  Hex/Air        #.........   100%        5    ######.
 Yara's Violent Unravell  Hex/Tmut       #.........   100%        5    ######.
 Deflect Missiles         Chrm/Air       #.........   100%        6    #######
 Iron Shot                Conj/Erth      #.........   100%        6    #######
 Statue Form              Tmut/Erth      #........    100%        6    #######
 Discord                  Hex            #.........   100%        8    #######
 Shatter                  Erth           #.........   100%        9    #######
 Blink                    Tloc           Unusable     N/A         2    N/A

Dungeon Overview and Level Annotations

Branches:
Dungeon (13/15)            Temple (1/1) D:4            Lair (3/6) D:11
  Swamp (0/4) Lair:3        Snake (0/4) Lair:3          Orc (0/2) D:12
  Sewer (visited)         Volcano (1/1)
 Vaults: D:13-14

Altars:
Ashenzari
Cheibriados
Dithmenos
Elyvilon
Fedhas
Gozag
Hepliaklqana
Kikubaaqudgha
Makhleb
Nemelex Xobeh
Okawaru
Qazlal
Ru
Sif Muna
Trog
Uskayaw
Vehumet
Wu Jian
Xom
Yredelemnul
Zin
The Shining One


Innate Abilities, Weirdness & Mutations

You cannot be hasted, slowed, berserked, paralysed or teleported.
You can dig through walls and to a lower floor.
Your four strong arms can wield two-handed weapons with a shield.
You have a pair of large antennae on your head. (SInv)


Message History

The salamander mystic is heavily wounded.
You are engulfed in blazing flames.
The salamander mystic hits you but does no damage.
Unknown command.
Your shield prevents you from hitting the salamander mystic.
The salamander mystic is heavily wounded.
You are engulfed in blazing flames.
You block the salamander mystic's attack.
You hit the salamander mystic but do no damage.
The salamander mystic is heavily wounded.
You are engulfed in blazing flames.
* * * LOW HITPOINT WARNING * * *
The salamander mystic hits you but does no damage.
You gain the combat prowess of a mighty hero.
You block the salamander mystic's attack.
You slash the salamander mystic!
The salamander mystic is severely wounded.
The salamander mystic gestures at you while chanting.
The bolt of magma hits you!!
You die...

#.....# #######
+[$.!)+ #..≈..#
#8≈≈≈8# +..≈..+
+.°N..+ ≈
{#8.@.8#{ §
≈≈###§....###≈≈
≈≈≈≈§§....°≈≈°○
#≈≈≈§8...8°≈§≈≈
###§§.....≈≈≈≈°
#§≈.....°≈≈##
##≈8...8≈≈≈#
##....°####
#.....#


You could see a salamander mystic.

Vanquished Creatures
  Gastronok (Lair:3)
  2 hydras
  2 two-headed ogres
  Nergalle (D:12)
  Pikel (D:4)
  2 manticores
  A cyclops (D:13)
  2 gargoyles
  4 black mambas
  4 spiny frogs
  3 komodo dragons
  2 trolls
  5 hippogriffs
  5 blink frogs (Lair:2)
  3 wyverns
  29 yaks
  3 hogs (D:7)
  A human (D:7)
  2 vampires
  2 hungry ghosts
  8 water moccasins
  A porcupine (Lair:1)
  3 orc warriors
  8 sky beasts
  2 ice beasts
  2 black bears
  2 phantoms
  A centaur (D:10)
  3 ogres
  5 crocodiles
  2 wolves (Lair:2)
  7 bullfrogs
  A big kobold (D:8)
  3 scorpions
  5 killer bees (D:10)
  An electric eel (Lair:1)
  A howler monkey (D:5)
  A bullfrog zombie (D:12)
  3 crimson imps
  2 centaur zombies
  A quasit (D:10)
  5 hounds
  4 jellies
  2 bullfrog skeletons (D:5)
  7 orc wizards
  A gnoll shaman (D:8)
  2 orc priests
  Ijyb (D:5)
  An iguana (D:4)
  11 worker ants
  A hound skeleton (D:4)
  3 worker ant zombies
  22 adders
  6 gnolls
  10 river rats
  3 shadow imps
  2 oozes
  An adder zombie (D:8)
  7 worms
  3 dart slugs
  6 leopard geckos
  28 orcs
  8 bats
  7 giant cockroaches
  5 goblins
  9 hobgoblins
  9 jackals
  10 quokkas
  7 ball pythons
  2 frilled lizards
  23 kobolds
  A leopard gecko skeleton (D:4)
  A quokka zombie (D:5)
  23 rats
368 creatures vanquished.

Vanquished Creatures (others)
  2 centaurs
  2 fungi
  6 plants
10 creatures vanquished.

Grand Total: 378 creatures vanquished

Notes
Turn   | Place    | Note
-------+----------+-------------------------------------------
     0 | D:1      | MTVSty1e the Formicid Fighter began the quest for the Orb.
     0 | D:1      | Reached XP level 1. HP: 18/18 MP: 1/1
   199 | D:1      | Reached XP level 2. HP: 24/24 MP: 2/2
   312 | D:1      | Reached skill level 3 in Polearms
   651 | D:1      | Reached XP level 3. HP: 29/29 MP: 3/3
   951 | D:2      | Reached skill level 4 in Polearms
   951 | D:2      | Reached XP level 4. HP: 32/35 MP: 4/4
  1612 | D:2      | Reached XP level 5. HP: 35/41 MP: 5/5
  1794 | D:2      | Reached skill level 5 in Polearms
  2015 | D:2      | Found a sacrificial altar of Ru.
  2394 | D:3      | Found a hazy altar of Hepliaklqana.
  2455 | D:3      | Found a faded altar of an unknown god.
  3234 | D:4      | Reached XP level 6. HP: 38/47 MP: 6/6
  3356 | D:4      | Found a staircase to the Ecumenical Temple.
  3400 | Temple   | Entered the Ecumenical Temple
  3655 | Temple   | Became a worshipper of Warmaster Okawaru
  3717 | D:4      | Reached skill level 6 in Polearms
  3748 | D:4      | Found a radiant altar of Vehumet.
  3879 | D:4      | Noticed Pikel
  3879 | D:4      | Noticed a slave
  3879 | D:4      | Noticed a slave
  3879 | D:4      | Noticed a slave
  3879 | D:4      | Noticed a slave
  3900 | D:4      | Killed Pikel
  3900 | D:4      | Reached * piety under Okawaru
  3900 | D:4      | Reached skill level 8 in Polearms
  3900 | D:4      | Reached XP level 7. HP: 17/52 MP: 7/7
  3900 | D:4      | Reached XP level 8. HP: 19/58 MP: 8/8
  4480 | D:4      | Reached skill level 9 in Polearms
  4851 | D:5      | Entered Level 5 of the Dungeon
  5105 | D:5      | Reached ** piety under Okawaru
  5156 | D:5      | Found a glowing drain.
  5163 | Sewer    | Entered a sewer
  5779 | Sewer    | Reached skill level 10 in Polearms
  6348 | D:5      | Reached XP level 9. HP: 26/64 MP: 6/9
  6359 | D:5      | Noticed Ijyb
  6680 | D:5      | Found an ancient bone altar of Kikubaaqudgha.
  6720 | D:5      | Reached skill level 1 in Invocations
  7456 | D:5      | Killed Ijyb
  7456 | D:5      | Reached skill level 11 in Polearms
  7911 | D:6      | Reached *** piety under Okawaru
  8856 | D:7      | Found an ornate altar of the Wu Jian Council.
  9113 | D:7      | Reached skill level 5 in Armour
  9113 | D:7      | Reached XP level 10. HP: 29/73 MP: 9/12
  9117 | D:7      | Reached skill level 5 in Fighting
  9422 | D:8      | Found a shattered altar of Ashenzari.
  9423 | D:8      | Found a blossoming altar of Fedhas.
  9426 | D:8      | Found an opulent altar of Gozag.
  9574 | D:8      | Reached **** piety under Okawaru
  9779 | D:8      | Reached skill level 12 in Polearms
  9779 | D:8      | Reached skill level 5 in Invocations
 10165 | D:8      | Found a shimmering altar of Xom.
 10167 | D:8      | Found a shimmering blue altar of Sif Muna.
 10168 | D:8      | Found a basalt altar of Yredelemnul.
 10170 | D:8      | Found a sparkling altar of Nemelex Xobeh.
 11934 | D:9      | Found a shadowy altar of Dithmenos.
 11973 | D:10     | Entered Level 10 of the Dungeon
 12179 | D:10     | Noticed a gargoyle
 12221 | D:10     | Killed a gargoyle
 12221 | D:10     | Reached XP level 11. HP: 79/83 MP: 13/15
 13004 | D:10     | Reached ***** piety under Okawaru
 13412 | D:12     | Found a staircase to the Orcish Mines.
 13451 | D:11     | Reached skill level 13 in Polearms
 13825 | D:11     | Noticed a two-headed ogre
 13835 | D:11     | Killed a two-headed ogre
 13995 | D:11     | Found a staircase to the Lair.
 14964 | D:12     | Noticed a manticore
 14975 | D:12     | Killed a manticore
 15251 | D:12     | Received a gift from Okawaru
 15590 | D:12     | Noticed a two-headed ogre
 15599 | D:12     | Killed a two-headed ogre
 15599 | D:12     | Reached XP level 12. HP: 76/92 MP: 17/17
 15687 | D:12     | Noticed Nergalle
 15705 | D:12     | Killed Nergalle
 15705 | D:12     | Reached skill level 14 in Polearms
 16044 | D:12     | Noticed a four-headed hydra
 16063 | D:12     | Killed a six-headed hydra
 16814 | D:13     | Reached skill level 15 in Polearms
 17729 | Lair:1   | Entered Level 1 of the Lair of Beasts
 18642 | Lair:1   | Reached skill level 16 in Polearms
 19200 | Lair:2   | Noticed a six-headed hydra
 19213 | Lair:2   | Killed a six-headed hydra
 19213 | Lair:2   | Reached XP level 13. HP: 71/98 MP: 18/18
 19375 | Lair:2   | Received a gift from Okawaru
 21103 | Lair:2   | Reached skill level 17 in Polearms
 21250 | Lair:3   | Found a staircase to the Swamp.
 21253 | Lair:3   | Noticed Gastronok
 21274 | Lair:3   | Killed Gastronok
 21320 | Lair:3   | Found a dark tunnel.
 21324 | Volcano  | Entered a volcano
 21510 | Volcano  | Killed from afar by a salamander mystic

Levels and vault maps discovered:
D:1:      dpeg_arrival_chase, layout_basic, kennysheep_nondescript,
          st_stairs_10, minmay_misc_feat_pillars, minmay_stone_trees_medium
D:2:      layout_loops_ring, nicolae_ru_the_path_less_chosen, first_ration,
          minivault_23
D:3:      layout_basic, lemuel_doored_altar,
          chequers_ecumenical_altar_simple_redux
D:4:      minmay_chambers_of_twos, layout_gridville,
          nicolae_overflow_hidden_temple, temple_doors_e, uniq_pikel
D:5:      layout_basic, kiku_gazebo_pond_becter, lightli_sewer_entry_pipes,
          uniq_ijyb
D:6:      layout_gridville
D:7:      layout_rooms, old_standard_altar, serial_glass, glass_columns_c,
          glass_columns_a, grunt_livestock
D:8:      layout_basic, minitemple, lemuel_crystal_altar
D:9:      layout_loops_ring, grunt_dithmenos_shadows
D:10:     layout_rooms, serial_corexii_hall, chequers_hall_statues_y,
          chequers_hall_statues_y
D:11:     layout_cave_pools, david_lair_shrubbed
D:12:     layout_irregular_city, orc_0_dummy, corexii_checkpoint_a,
          dk_noncrumbling_4, uniq_nergalle
D:13:     layout_loops_ring
Temple:   compressed_dpeg_triangle_lava_temple
Lair:1:   layout_regular_city, lemuel_fruit_tree, infiniplex_staircase_pool,
          serial_bayou_shore_a
Lair:2:   layout_roguey
Lair:3:   layout_concentric_octagons, swamp_mist, dummy_snake_entry,
          gammafunk_ghost_hydra_chop, nicolae_volcano_entry_two_sided,
          grunt_megastairs_2, uniq_gastronok, uniq_sonja
Volcano:  kennysheep_volcano_temple

Skill      XL: |  1  2  3  4  5  6  7  8  9 10 11 12 13 |
---------------+----------------------------------------+-----
Polearms       | 3 4 5 8 10 11 12 13 16 17 | 17.5
Invocations    | 3 6 7 |  7.8
Fighting       | 4 6 8 |  8.0
Armour         | 5 6 8 |  8.0
Shields        | |  3.6

Action                   |  1- 3 |  4- 6 |  7- 9 | 10-12 | 13-15 || total
-------------------------+-------+-------+-------+-------+-------++-------
Melee: Trident           |    99 |   229 |   520 |   254 |       ||  1102
       Spear             |       |       |       |   689 |       ||   689
       Bardiche          |       |       |       |   185 |     9 ||   194
       Lajatang          |       |       |       |       |    88 ||    88
       Glaive            |       |       |       |       |    75 ||    75
Invok: Heroism           |       |       |     2 |     8 |     3 ||    13
       Finesse           |       |       |       |     3 |     1 ||     4
 Abil: Dig               |     1 |       |     3 |     1 |     4 ||     9
  Use: Potion            |       |     1 |     6 |     8 |     4 ||    19
       Scroll            |       |       |    11 |     2 |    14 ||    27
  Eat: Ration            |       |     2 |     3 |    12 |     2 ||    19
       Chunk             |       |     3 |     7 |     7 |     2 ||    19
Armor: Scale mail        |    39 |    61 |   114 |    90 |       ||   304
       Plate armour      |       |       |       |   263 |    64 ||   327
       Skin              |       |       |       |       |     6 ||     6
Dodge: Dodged            |    32 |    55 |   122 |   182 |    20 ||   411
Block: Shield            |    63 |    80 |   192 |   462 |       ||   797
       Reflection        |       |       |       |     9 |       ||     9
       Large shield      |       |       |       |    75 |   147 ||   222
